| TOP OF THE 1ST |
|
Milwaukee Brewers batting - Pitching for Arizona Diamondbacks : LHP Tim Wybenga
|
|
Pitching: LHP Tim Wybenga
|
|
|
Batting: RHB Akitada Nishizawa
|
0-0: Called Strike 0-1: Ball 1-1: SINGLE (Groundball, 5S, EV 66.9 MPH) (infield hit)
|
|
Batting: LHB Eric Klasek
|
0-0: Ball 1-0: Foul Ball, location: 2F 1-1: Foul Ball, location: 2F 1-2: Grounds into double play, 4-6-3 (Groundball, 4, EV 85.6 MPH)
|
|
Batting: SHB Lewis Thorpe Jr.
|
0-0: Foul Ball, location: 2F 0-1: Ball 1-1: Swinging Strike 1-2: Strikes out swinging
|
| Top of the 1st over - 0 runs, 1 hit, 0 errors, 0 left on base; Milwaukee 0 - Arizona 0 |
| BOTTOM OF THE 1ST |
|
Arizona Diamondbacks batting - Pitching for Milwaukee Brewers : RHP Victor Munoz
|
|
Pitching: RHP Victor Munoz
|
|
|
Batting: RHB Katilimomi Kelekolio
|
0-0: Ball 1-0: Foul Ball, location: 2F 1-1: Ball 2-1: Foul Ball, location: 2F 2-2: Foul Ball, location: 2F 2-2: Foul Ball, location: 2F 2-2: Ball 3-2: Strikes out swinging
|
|
Batting: LHB Roy Steigerwald
|
0-0: Called Strike 0-1: Ground out 6-3 (Groundball, 6, EV 88.1 MPH)
|
|
Batting: LHB Jason Peck
|
0-0: Called Strike 0-1: Ground out 6-3 (Groundball, 6, EV 100.6 MPH)
|
| Bottom of the 1st over - 0 runs, 0 hits, 0 errors, 0 left on base; Milwaukee 0 - Arizona 0 |
| TOP OF THE 2ND |
|
Milwaukee Brewers batting - Pitching for Arizona Diamondbacks : LHP Tim Wybenga
|
|
Batting: RHB Dave Gonzalez
|
0-0: Swinging Strike 0-1: Ball 1-1: Foul Ball, location: 2F 1-2: Strikes out swinging
|
|
Batting: SHB Junzo Kato
|
0-0: Called Strike 0-1: Ground out 1-3 (Groundball, 15, EV 60.0 MPH)
|
|
Batting: RHB Ryan Neal
|
0-0: Ball 1-0: Called Strike 1-1: Ball 2-1: Called Strike 2-2: Strikes out looking
|
| Top of the 2nd over - 0 runs, 0 hits, 0 errors, 0 left on base; Milwaukee 0 - Arizona 0 |
| BOTTOM OF THE 2ND |
|
Arizona Diamondbacks batting - Pitching for Milwaukee Brewers : RHP Victor Munoz
|
|
Batting: RHB Andy Swaim
|
0-0: Called Strike 0-1: Foul Ball, location: 2F 0-2: Strikes out looking
|
|
Batting: SHB Salvador Aragon
|
0-0: Ball 1-0: Swinging Strike 1-1: Ball 2-1: Ball 3-1: Base on Balls
|
|
Batting: LHB Bobby Arevalo
|
0-0: Ball Salvador Aragon steals 2nd base 1-0: Ball 2-0: Ground out 5-3 (Groundball, 5, EV 90.0 MPH)
|
|
Batting: LHB Mike Mentzer
|
0-0: Ball 1-0: Ball 2-0: Foul Ball, location: 2F 2-1: Ground out 4-3 (Groundball, 4, EV 78.8 MPH)
|
| Bottom of the 2nd over - 0 runs, 0 hits, 0 errors, 1 left on base; Milwaukee 0 - Arizona 0 |
| TOP OF THE 3RD |
|
Milwaukee Brewers batting - Pitching for Arizona Diamondbacks : LHP Tim Wybenga
|
|
Batting: RHB Kisho Ito
|
0-0: Foul Ball, location: 2F 0-1: Ball 1-1: Foul Ball, location: 2F 1-2: Ball 2-2: Ball 3-2: Foul Ball, location: 2F 3-2: Foul Ball, location: 2F 3-2: SINGLE (Line Drive, 6D, EV 100.6 MPH)
|
|
Batting: RHB Mike Ball
|
0-0: Called Strike 0-1: Grounds into double play, 5-4-3 (Groundball, 56, EV 107.5 MPH)
|
|
Batting: RHB Ben Campbell
|
0-0: Ball 1-0: Foul Ball, location: 2F 1-1: Swinging Strike 1-2: Foul Ball, location: 2F 1-2: Ball 2-2: Strikes out swinging
|
| Top of the 3rd over - 0 runs, 1 hit, 0 errors, 0 left on base; Milwaukee 0 - Arizona 0 |
| BOTTOM OF THE 3RD |
|
Arizona Diamondbacks batting - Pitching for Milwaukee Brewers : RHP Victor Munoz
|
|
Batting: RHB Bob Najar
|
0-0: Fly out, F9 (Line Drive, 89D, EV 99.4 MPH)
|
|
Batting: RHB Marlon Reda
|
0-0: Ball 1-0: SINGLE (Line Drive, 89S, EV 99.4 MPH)
|
|
Batting: RHB Katilimomi Kelekolio
|
0-0: Ball 1-0: Foul Ball, location: 2F 1-1: Called Strike 1-2: Foul Ball, location: 2F 1-2: Foul Ball, location: 2F 1-2: Ball 2-2: Ball 3-2: Base on Balls Marlon Reda to second
|
|
Batting: LHB Roy Steigerwald
|
0-0: Foul Ball, location: 2F 0-1: Foul Ball, location: 2F 0-2: Ball 1-2: Fly out, F3 (Popup, 3L, EV 67.5 MPH)
|
|
Batting: LHB Jason Peck
|
0-0: Called Strike 0-1: Ball 1-1: Called Strike 1-2: Foul Ball, location: 2F 1-2: DOUBLE (Line Drive, 89D, EV 102.5 MPH) Marlon Reda scores Katilimomi Kelekolio to third Runner from 3rd tries for Home, SAFE, throw by CF to home
|
|
Batting: RHB Andy Swaim
|
0-0: Ground out U3 (Groundball, 34, EV 80.0 MPH)
|
| Bottom of the 3rd over - 2 runs, 2 hits, 0 errors, 1 left on base; Milwaukee 0 - Arizona 2 |
| TOP OF THE 4TH |
|
Milwaukee Brewers batting - Pitching for Arizona Diamondbacks : LHP Tim Wybenga
|
|
Batting: RHB Akitada Nishizawa
|
0-0: Ball 1-0: Called Strike 1-1: Ball 2-1: SINGLE (Groundball, 56D, EV 99.4 MPH)
|
|
Batting: LHB Eric Klasek
|
0-0: Sac Bunt to 13 - play at first, batter OUT! 1-3 Akitada Nishizawa to second
|
|
Batting: SHB Lewis Thorpe Jr.
|
0-0: Swinging Strike 0-1: Called Strike 0-2: DOUBLE (Line Drive, 78M, EV 103.1 MPH) Akitada Nishizawa scores
|
|
Batting: RHB Dave Gonzalez
|
0-0: Ball Lewis Thorpe Jr. steals 3rd base 1-0: Foul Ball, location: 2F 1-1: Ball 2-1: Swinging Strike 2-2: Strikes out looking
|
|
Batting: SHB Junzo Kato
|
0-0: Called Strike 0-1: SINGLE (Line Drive, 3D, EV 109.4 MPH) Lewis Thorpe Jr. scores
|
|
Batting: RHB Ryan Neal
|
0-0: Swinging Strike 0-1: Ball 1-1: Foul Ball, location: 2F 1-2: Foul Ball, location: 2F 1-2: Fielders Choice at 2nd, U4 (Groundball, 4M, EV 89.4 MPH)
|
| Top of the 4th over - 2 runs, 3 hits, 0 errors, 1 left on base; Milwaukee 2 - Arizona 2 |
| BOTTOM OF THE 4TH |
|
Arizona Diamondbacks batting - Pitching for Milwaukee Brewers : RHP Victor Munoz
|
|
Batting: SHB Salvador Aragon
|
0-0: Ball 1-0: Called Strike 1-1: Ball 2-1: Swinging Strike 2-2: Strikes out swinging
|
|
Batting: LHB Bobby Arevalo
|
0-0: Called Strike 0-1: Ball 1-1: Swinging Strike 1-2: Ball 2-2: Strikes out swinging
|
|
Batting: LHB Mike Mentzer
|
0-0: Ball 1-0: Called Strike 1-1: Fly out, F8 (Flyball, 78XD, EV 104.4 MPH)
|
| Bottom of the 4th over - 0 runs, 0 hits, 0 errors, 0 left on base; Milwaukee 2 - Arizona 2 |
| TOP OF THE 5TH |
|
Milwaukee Brewers batting - Pitching for Arizona Diamondbacks : LHP Tim Wybenga
|
|
Batting: RHB Kisho Ito
|
0-0: Ball 1-0: Ball 2-0: Called Strike 2-1: Bunt for hit to 3S - play at first, batter OUT! 3-4
|
|
Batting: RHB Mike Ball
|
0-0: Ball 1-0: Ball 2-0: Ball 3-0: Called Strike 3-1: Foul Ball, location: 2F 3-2: Fly out, F6 (Line Drive, 6, EV 69.4 MPH)
|
|
Batting: RHB Ben Campbell
|
0-0: Ball 1-0: Fly out, F8 (Flyball, 8LXD, EV 106.2 MPH)
|
| Top of the 5th over - 0 runs, 0 hits, 0 errors, 0 left on base; Milwaukee 2 - Arizona 2 |
| BOTTOM OF THE 5TH |
|
Arizona Diamondbacks batting - Pitching for Milwaukee Brewers : RHP Victor Munoz
|
|
Batting: RHB Bob Najar
|
0-0: Ball 1-0: Foul Ball, location: 2F 1-1: Swinging Strike 1-2: Foul Ball, location: 2F 1-2: Ball 2-2: SINGLE (Line Drive, 9LS, EV 95.0 MPH)
|
|
Batting: RHB Marlon Reda
|
0-0: SINGLE (Groundball, 5D, EV 95.0 MPH) Bob Najar to second
|
|
Batting: RHB Katilimomi Kelekolio
|
0-0: Ball 1-0: Foul Ball, location: 2F 1-1: Foul Ball, location: 2F 1-2: Ball 2-2: Ball 3-2: DOUBLE (Line Drive, 9LM, EV 88.1 MPH) Bob Najar scores Marlon Reda to third
|
|
Batting: LHB Roy Steigerwald
|
0-0: Called Strike 0-1: Ball 1-1: Swinging Strike 1-2: Ball 2-2: Foul Ball, location: 2F 2-2: Fly out, F9 (Flyball, 9, EV 81.2 MPH)
|
|
Pitching: RHP Chris Geraci
|
|
|
Batting: LHB Jason Peck
|
0-0: Ball 1-0: Ground out 4-3 (Groundball, 4M, EV 85.0 MPH) Marlon Reda scores Katilimomi Kelekolio to third
|
|
Batting: RHB Andy Swaim
|
0-0: Ball 1-0: Swinging Strike 1-1: Swinging Strike 1-2: Strikes out swinging
|
| Bottom of the 5th over - 2 runs, 3 hits, 0 errors, 1 left on base; Milwaukee 2 - Arizona 4 |
| TOP OF THE 6TH |
|
Milwaukee Brewers batting - Pitching for Arizona Diamondbacks : LHP Tim Wybenga
|
|
Batting: RHB Akitada Nishizawa
|
0-0: Ball 1-0: Called Strike 1-1: Ground out 4-3 (Groundball, 4, EV 108.1 MPH)
|
|
Batting: LHB Eric Klasek
|
0-0: Fly out, F5 (Popup, 15S, EV 83.1 MPH)
|
|
Batting: SHB Lewis Thorpe Jr.
|
0-0: Ball 1-0: Called Strike 1-1: Foul Ball, location: 2F 1-2: Strikes out swinging
|
| Top of the 6th over - 0 runs, 0 hits, 0 errors, 0 left on base; Milwaukee 2 - Arizona 4 |
| BOTTOM OF THE 6TH |
|
Arizona Diamondbacks batting - Pitching for Milwaukee Brewers : RHP Chris Geraci
|
|
Batting: SHB Salvador Aragon
|
0-0: Ball 1-0: Foul Ball, location: 2F 1-1: Ball 2-1: Called Strike 2-2: Strikes out looking
|
|
Batting: LHB Bobby Arevalo
|
0-0: Ball 1-0: Fly out, F8 (Flyball, 8LXD, EV 106.9 MPH)
|
|
Batting: LHB Mike Mentzer
|
0-0: DOUBLE (Line Drive, 9LM, EV 109.4 MPH)
|
|
Batting: RHB Bob Najar
|
0-0: Called Strike 0-1: Ball 1-1: Ball 2-1: Ball 3-1: Foul Ball, location: 2F 3-2: Foul Ball, location: 2F 3-2: Base on Balls
|
|
Batting: RHB Marlon Reda
|
0-0: Ball 1-0: Swinging Strike 1-1: Called Strike 1-2: Ball 2-2: Ball Wild Pitch! Mike Mentzer to third Bob Najar to second 3-2: Fly out, F7 (Flyball, 7S, EV 88.1 MPH)
|
| Bottom of the 6th over - 0 runs, 1 hit, 0 errors, 2 left on base; Milwaukee 2 - Arizona 4 |
| TOP OF THE 7TH |
|
Milwaukee Brewers batting - Pitching for Arizona Diamondbacks : LHP Tim Wybenga
|
|
Batting: RHB Dave Gonzalez
|
0-0: Foul Ball, location: 2F 0-1: Ball 1-1: Hit by Pitch
|
|
Batting: SHB Junzo Kato
|
0-0: Ball 1-0: Ball 2-0: Ball 3-0: SINGLE (Groundball, 34S, EV 66.2 MPH) (infield hit) Dave Gonzalez to second
|
|
Batting: RHB Ryan Neal
|
0-0: Grounds into double play, U6-3 (Groundball, 4MS, EV 83.1 MPH) Dave Gonzalez to third
|
|
Batting: RHB Kisho Ito
|
0-0: TRIPLE (Flyball, 89XD, EV 90.0 MPH) Dave Gonzalez scores
|
|
Batting: RHB Mike Ball
|
0-0: Fly out, F7 (Flyball, 7, EV 82.5 MPH)
|
| Top of the 7th over - 1 run, 2 hits, 0 errors, 1 left on base; Milwaukee 3 - Arizona 4 |
| BOTTOM OF THE 7TH |
|
Arizona Diamondbacks batting - Pitching for Milwaukee Brewers : RHP Chris Geraci
|
|
Batting: RHB Katilimomi Kelekolio
|
0-0: Ball 1-0: Ball 2-0: Ball 3-0: Base on Balls
|
|
Batting: LHB Roy Steigerwald
|
0-0: Swinging Strike 0-1: Grounds out, U3 (Groundball, 3L, EV 91.2 MPH)
|
|
Batting: LHB Jason Peck
|
0-0: Called Strike 0-1: Ball 1-1: Ball 2-1: DOUBLE (Flyball, 8LXD, EV 97.5 MPH) Katilimomi Kelekolio scores
|
|
Batting: RHB Andy Swaim
|
0-0: Ball 1-0: Foul Ball, location: 2F 1-1: Ball 2-1: Ball 3-1: Base on Balls
|
|
Batting: SHB Salvador Aragon
|
0-0: Ball 1-0: Ball Jason Peck is caught stealing 3rd base 2-5 Andy Swaim to second 2-0: Fly out, F7 (Flyball, 78M, EV 84.4 MPH)
|
| Bottom of the 7th over - 1 run, 1 hit, 0 errors, 1 left on base; Milwaukee 3 - Arizona 5 |
| TOP OF THE 8TH |
|
Milwaukee Brewers batting - Pitching for Arizona Diamondbacks : LHP Tim Wybenga
|
|
Batting: RHB Ben Campbell
|
0-0: Ball 1-0: Ball 2-0: Swinging Strike 2-1: Ground out 5-3 (Groundball, 56, EV 102.5 MPH)
|
|
Batting: RHB Akitada Nishizawa
|
0-0: Swinging Strike 0-1: Ground out 6-3 (Groundball, 6, EV 93.1 MPH)
|
|
Batting: LHB Eric Klasek
|
0-0: Called Strike 0-1: Ground out 3-1 (Groundball, 34, EV 108.1 MPH)
|
| Top of the 8th over - 0 runs, 0 hits, 0 errors, 0 left on base; Milwaukee 3 - Arizona 5 |
| BOTTOM OF THE 8TH |
|
Arizona Diamondbacks batting - Pitching for Milwaukee Brewers : RHP Chris Geraci
|
|
Pitching: RHP John Owens
|
|
|
Batting: LHB Bobby Arevalo
|
0-0: Called Strike 0-1: Ball 1-1: Foul Ball, location: 2F 1-2: Foul Ball, location: 2F 1-2: Ball 2-2: SINGLE (Line Drive, 7LS, EV 94.4 MPH)
|
|
Batting: LHB Mike Mentzer
|
0-0: Fly out, F9 (Line Drive, 89M, EV 91.2 MPH)
|
|
Batting: RHB Bob Najar
|
0-0: Ball 1-0: Called Strike 1-1: Foul Ball, location: 2F 1-2: Ball 2-2: Strikes out swinging
|
|
Batting: RHB Marlon Reda
|
0-0: Ball 1-0: Called Strike 1-1: Swinging Strike 1-2: Ball 2-2: Ball Bobby Arevalo steals 2nd, throwing error, E2 Bobby Arevalo to third 3-2: Ground out 4-3 (Groundball, 4M, EV 79.4 MPH)
|
| Bottom of the 8th over - 0 runs, 1 hit, 1 error, 1 left on base; Milwaukee 3 - Arizona 5 |
| TOP OF THE 9TH |
|
Milwaukee Brewers batting - Pitching for Arizona Diamondbacks : LHP Tim Wybenga
|
|
Pitching: LHP Mario Valdivia
|
|
|
Batting: SHB Lewis Thorpe Jr.
|
0-0: Ball 1-0: Ball 2-0: Ball 3-0: Foul Ball, location: 2F 3-1: Called Strike 3-2: Foul Ball, location: 2F 3-2: Base on Balls
|
|
Batting: RHB Dave Gonzalez
|
0-0: Ball 1-0: Foul Ball, location: 2F 1-1: Swinging Strike 1-2: Strikes out swinging
|
|
Batting: SHB Junzo Kato
|
0-0: Fly out, F8 (Flyball, 8RM, EV 84.4 MPH)
|
|
Batting: RHB Ryan Neal
|
0-0: Called Strike 0-1: Swinging Strike 0-2: Ball 1-2: Strikes out swinging
|
| Top of the 9th over - 0 runs, 0 hits, 0 errors, 1 left on base; Milwaukee 3 - Arizona 5 |
|